 Dungeon Crawl Stone Soup version 0.18.1-48-g4cf74bf (console) character file.

207 Kloppie the Skirmisher (level 5, -5/48 HPs)
             Began as a Hill Orc Fighter on July 9, 2016.
             Killed by divine providence
             ... invoked by an orc priest
              (14 damage)
             ... on level 2 of the Dungeon.
             The game lasted 00:02:27 (1653 turns).

Kloppie the Skirmisher (Hill Orc Fighter)           Turns: 1653, Time: 00:02:27

Health: -5/48      AC:  8    Str: 19    XL:     5   Next: 85%
Magic:  5/5        EV:  9    Int:  8    God:
Gold:   80         SH:  0    Dex: 11    Spells: 0 memorised, 4 levels left

rFire  . . .     SeeInvis .     a - +0 long sword
rCold  . . .     Gourm    .     b - +0 scale mail
rNeg   . . .     Faith    .     (no shield)
rPois  .         Spirit   .     q - +0 helmet
rElec  .         Dismiss  .     (no cloak)
rCorr  .         Reflect  .     (no gloves)
SustAt .         Harm     .     (no boots)
MR     .....                    (no amulet)
Stlth  ..........               (no ring)
                                (no ring)

@: not resistant to hostile enchantments, extremely unstealthy
A: no striking features
a: Convert to Beogh


You were on level 2 of the Dungeon.
You were hungry.

You visited 1 branch of the dungeon, and saw 3 of its levels.

You collected 80 gold pieces.

Inventory:

Hand Weapons
 a - a +0 long sword (weapon)
Armour
 b - a +0 scale mail (worn)
 c - a +0 shield
 q - a +0 helmet (worn)
Jewellery
 k - an uncursed ring of ice {unknown}
 n - a cursed -5 ring of strength {unknown}
 r - a cursed -2 ring of strength {unknown}
 s - a +4 ring of intelligence {unknown}
Scrolls
 e - a scroll of enchant weapon {unknown}
 g - a scroll of identify {unknown}
 h - 2 scrolls of remove curse {unknown}
 j - 2 scrolls of teleportation {unknown}
 m - a scroll of random uselessness {unknown}
 p - a scroll of amnesia {unknown}
 t - 2 scrolls of blinking {unknown}
Potions
 d - a potion of haste {unknown}
Comestibles
 f - 2 bread rations
 i - a royal jelly
 l - 3 beef jerkies
 o - a meat ration


   Skills:
 + Level 5.3 Fighting
 + Level 4.1 Long Blades
 - Level 3.5 Armour
 + Level 4.4 Shields


You had 4 spell levels left.
You didn't know any spells.

Dungeon Overview and Level Annotations

Branches:
Dungeon (3/15)

Altars:
Okawaru


Message History

The kobold hits you.
* * * LOW HITPOINT WARNING * * *
The orc priest closely misses you.
You barely miss the orc priest.
The orc priest threatens, "By the altar or by the axe, you will meet Beogh!"
The kobold hits you.
* * * LOW HITPOINT WARNING * * *
The orc priest mumbles some strange prayers to Beogh against you.
Beogh smites you!
* * * LOW HITPOINT WARNING * * *
You barely miss the orc priest. The kobold closely misses you.
The orc priest barely misses you.
You slash the kobold!
You kill the kobold!
The orc priest hits you but does no damage.
You hit the orc priest but do no damage.
The orc priest hits you but does no damage.
The orc priest mumbles some strange prayers to Beogh against you.
Beogh smites you!
You die...

#........................
#.....................###
#....<................#
#................########
##.......###.....#.......
#......†# #.....#.......
###.......# #######.......
#.....#.#(#####.###.......
#.....#.#@o.......'.......
#.....#.#####'#.###.......
#....####################.
##...#........†...........
###'#..#...#...#...#...#.
#...#_...................
#...#..#...#...#...#...##
#...#...................#
###.####################.


You could see an orc priest.

Vanquished Creatures
  Sigmund (D:2)
  An adder skeleton (D:3)
  A worm (D:3)
  4 dart slugs (D:1)
  2 giant geckos
  An orc (D:2)
  A giant cockroach (D:2)
  3 goblins
  A hobgoblin (D:1)
  5 jackals (D:2)
  A quokka (D:2)
  2 ball pythons (D:2)
  5 bats
  2 giant newts
  5 kobolds
  3 rats
38 creatures vanquished.

Notes
Turn   | Place    | Note
--------------------------------------------------------------
     0 | D:1      | Kloppie the Hill Orc Fighter began the quest for the Orb.
     0 | D:1      | Reached XP level 1. HP: 19/19 MP: 1/1
   149 | D:1      | Reached XP level 2. HP: 24/27 MP: 2/2
   204 | D:1      | Reached skill level 4 in Fighting
   746 | D:2      | Reached XP level 3. HP: 29/33 MP: 3/3
   989 | D:2      | Found an iron altar of Okawaru.
  1004 | D:2      | Noticed Sigmund
  1019 | D:2      | Killed Sigmund
  1019 | D:2      | Reached skill level 5 in Fighting
  1019 | D:2      | Reached XP level 4. HP: 23/42 MP: 4/4
  1019 | D:2      | Reached XP level 5. HP: 26/48 MP: 5/5
  1653 | D:2      | Killed from afar by an orc priest

Skill      XL: |  1  2  3 |
---------------+----------+-----
Fighting       | 4 5 |  5.3
Long Blades    | 4 |  4.1
Shields        | 4 |  4.4
Armour         | |  3.5

Action                   |  1- 3 |  4- 6 || total
-------------------------+-------+-------++-------
Melee: Long sword        |    86 |    54 ||   140
  Use: Potion            |     1 |       ||     1
  Eat: Chunk             |       |     2 ||     2
Armor: Scale mail        |    50 |    30 ||    80
Dodge: Dodged            |    55 |    27 ||    82
